 Dungeon Crawl Stone Soup version 0.27-a0-1147-gb3d8e82157 (webtiles) character file.

Game seed: 17025728073765726579

126 kae the Skirmisher (level 4, -2/55 HPs)
             Began as a Demonspawn Fighter on May 11, 2021.
             Slain by a phantom (5 damage)
             ... on level 3 of the Dungeon.
             The game lasted 00:02:24 (3792 turns).

kae the Skirmisher (Demonspawn Fighter)             Turns: 3792, Time: 00:02:24

Health: -2/55      AC: 22    Str: 15 (17) XL:     4   Next: 84%
Magic:  4/4        EV:  2    Int:  7 (10) God:
Gold:   112        SH:  8    Dex:  9 (12) Spells: 3/3 levels left

rFire    . . .     SeeInvis .   a - +0 long sword
rCold    . . .     Faith    .   c - +0 kite shield
rNeg     + + +     Spirit   .   (armour currently unavailable)
rPois    +         Reflect  .   (helmet currently unavailable)
rElec    .         Harm     .   (cloak currently unavailable)
rCorr    .         Rampage  .   (gloves currently unavailable)
Will     .....     NoTele   +   (boots currently unavailable)
Stlth    +.........             (no amulet)
HPRegen  0.18/turn              (no ring)
MPRegen  0.09/turn              (no ring)

@: tree-form
A: stationary, stasis, torment immunity, boosted hp, (horns 1), (yellow scales
1), foul stench 1
a: no special abilities


You were on level 3 of the Dungeon.
You were a tree.
You visited 1 branch of the dungeon, and saw 4 of its levels.

You collected 112 gold pieces.

Inventory:

Hand Weapons
 a - a +0 long sword (weapon)
Armour
 b - a +0 scale mail (melded)
 c - a +0 kite shield (worn)
Jewellery
 j - a ring of magical power
Potions
 d - a potion of might
 h - a potion of ambrosia
 i - a potion of haste


   Skills:
 + Level 4.0 Fighting
 * Level 3.9 Long Blades
 - Level 2.6 Armour
 - Level 2.6 Shields


You had 3 spell levels left.
You didn't know any spells.
Your spell library contained the following spells:

 Spells                   Type           Power      Damage    Failure   Level
 Animate Skeleton         Necr           0%         N/A       92%         1
 Pain                     Necr           0%         1d4       92%         1
 Vampiric Draining        Necr           0%         2d6       100%        3
 Animate Dead             Necr           0%         N/A       100%        4
 Agony                    Necr           0%         N/A       100%        5


Dungeon Overview and Level Annotations

Branches:
Dungeon (4/15)
 Temple: D:4-7

Altars:
Xom

Annotations:
D:1 Terence
D:3 Ijyb


Innate Abilities, Weirdness & Mutations

You are a tree.
Your roots penetrate the ground, keeping you stationary.
You cannot be teleported.
You are immune to unholy pain and torment.
Your maximum health is greatly increased.
Your equipment is partially melded.
((You have a pair of small horns on your head.))
((You are partially covered in yellow scales. (AC +2)))
You may rarely emit foul miasma when damaged in melee.


Message History

The phantom hits you but does no damage.
You miss the phantom.
The phantom is heavily damaged.
You block the phantom's attack.
The phantom hits you but does no damage.
You closely miss the phantom.
The phantom is heavily damaged.
The phantom hits you.
* * * LOW HITPOINT WARNING * * *
You miss the phantom.
The phantom is heavily damaged.
The phantom hits you but does no damage. x2
Really quaff the potion of lignification?
You turn into a tree.
Your +0 scale mail melds into your body.
Your roots penetrate the ground.
The phantom hits you but does no damage.
You hit the phantom.
The phantom is heavily damaged.
The phantom hits you.
* * * LOW HITPOINT WARNING * * *
You miss the phantom.
The phantom is heavily damaged.
The phantom hits you.
* * * LOW HITPOINT WARNING * * *
You emit a cloud of foul miasma!
The phantom hits you but does no damage.
You hit the phantom.
The phantom is severely damaged.
You block the phantom's attack.
You hit the phantom.
The phantom is severely damaged.
The phantom hits you but does no damage. x2
You closely miss the phantom.
The phantom is severely damaged.
The phantom hits you but does no damage.
You closely miss the phantom.
The phantom is severely damaged.
The phantom hits you.
You die...

##.#.##...#..#...#...#...#...
##.###.#.#..................
######........###################
.......#..###.##..§§...#
.#####....# #..........# .#
####.# ####.##.##.# .# ######.###
#.##.##.# .###........# #.##.##.#
.##.........# #♣##.##.#
............# #W......#
###.........# ####.####
#..........# #..# #.##.##÷####
#.## ##.##.##.# #.# ......##.#
#.# ##.#####.# #.# ##..>....# #.#


You could see a phantom.

Vanquished Creatures
  A hound skeleton (D:4)
  Robin (D:1)
  A gnoll (D:1)
  2 adders
  A dart slug (D:1)
  5 orcs (D:4)
  4 endoplasms
  12 goblins
  10 hobgoblins
  3 kobolds
  7 quokkas
  5 ball pythons
  6 bats
  2 frilled lizards
  3 rats
63 creatures vanquished.

Vanquished Creatures (others)
  A quokka (D:1)
1 creature vanquished.

Grand Total: 64 creatures vanquished

Notes
Turn   | Place    | Note
-------+----------+-------------------------------------------
     0 | D:1      | kae the Demonspawn Fighter began the quest for the Orb.
     0 | D:1      | Reached XP level 1. HP: 18/18 MP: 1/1
   415 | D:1      | Identified a scroll of acquirement
   415 | D:1      | Acquired a +1 helmet of see invisible
   463 | D:1      | Gained mutation: You have a pair of small horns on your
                  | head. [demonic ancestry]
   463 | D:1      | Reached XP level 2. HP: 4/24 MP: 2/2
   782 | D:1      | Found a faded altar of an unknown god.
   872 | D:1      | Gained mutation: You may rarely emit foul miasma when
                  | damaged in melee. [demonic ancestry]
   872 | D:1      | Reached XP level 3. HP: 27/29 MP: 3/3
  1484 | D:2      | Noticed Terence
  1950 | D:2      | Noticed Robin
  2341 | D:1      | Killed Robin
  2342 | D:1      | Gained mutation: You are partially covered in yellow
                  | scales. (AC +2) [demonic ancestry]
  2342 | D:1      | Reached XP level 4. HP: 28/37 MP: 4/4
  2950 | D:3      | Found a shimmering altar of Xom.
  3163 | D:3      | Noticed Ijyb
  3545 | D:4      | Reached skill level 4 in Fighting
  3584 | D:4      | Noticed a phantom
  3788 | D:3      | HP: 2/55 [phantom (5)]
  3792 | D:3      | Slain by a phantom

Illustrated notes

Levels and vault maps discovered:
D:1:      evilmike_arrival_home_sweet_home, layout_loops_cross,
          chequers_ecumenical_altar_grove, minmay_tree_intersection
D:2:      layout_rooms, uniq_robin, uniq_terence
D:3:      layout_loops_cross, amcnicky_altar_gilded,
          lemuel_coloured_pillars_altar, minmay_ruptured, uniq_ijyb
D:4:      layout_basic, nemelex_dance_club_becter, kennysheep_mini,
          lemuel_doored_altar, dk_rats_in_the_wall

Skill      XL: |  1  2  3  4 |
---------------+-------------+-----
Long Blades    | 2 3 |  3.9
Fighting       | 4 |  4.0
Armour         | |  2.6
Shields        | |  2.6

Action                   |  1- 3 |  4- 6 || total
-------------------------+-------+-------++-------
Melee: Long sword        |   109 |    66 ||   175
       Headbutt          |    14 |     8 ||    22
  Use: Scroll            |     4 |     5 ||     9
       Potion            |       |     2 ||     2
Armor: Scale mail        |    59 |    27 ||    86
       Skin              |       |     5 ||     5
Dodge: Dodged            |    32 |    15 ||    47
Block: Kite shield       |    73 |    25 ||    98
       Rpst.: Long sword |     9 |     3 ||    12

Table legend: (Time is in decaauts)
 A = Elapsed time spent in this place.
 B = Non-inter-level travel time spent in this place.
 C = Inter-level travel time spent in this place.
 D = Time resting spent in this place.
 E = Time spent auto-exploring this place.
 F = Levels seen in this place.
 G = Mean time per level.
                   A        B        C        D        E       F      G
               +--------+--------+--------+--------+--------+-----+--------+
         Total |   3888 |   3841 |     47 |   1363 |   1932 |   4 |  972.0 |
       Dungeon |   3888 |   3841 |     47 |   1363 |   1932 |   4 |  972.0 |
               +--------+--------+--------+--------+--------+-----+--------+

Top non-repeatable levels by time:
     D:1: 2083 daAuts
     D:3: 985 daAuts
     D:2: 669 daAuts
     D:4: 150 daAuts
